 Dungeon Crawl Stone Soup version 0.30-a0-618-gd6c86c23d0 (webtiles) character file.

Game seed: 9364056346143932592

350 tsouns the Ruffian (level 6, -2/61 HPs)
             Began as a Troll Monk on Jan 9, 2023.
             Slain by an orc
             ... wielding a +0 hand axe
              (4 damage)
             ... on level 5 of the Dungeon.
             The game lasted 00:03:38 (2352 turns).

tsouns the Ruffian (Troll Monk)                     Turns: 2352, Time: 00:03:38

Health: -2/61      AC:  4    Str: 22    XL:     6   Next: 34%
Magic:  5/5        EV: 10    Int:  6    God:
Gold:   151        SH:  0    Dex: 12    Spells: 5/5 levels left

rFire   . . .      SeeInvis .      - Unarmed
rCold   . . .      Faith    .    (no shield)
rNeg    . . .      Spirit   .    a - +0 robe
rPois   .          Reflect  .    (helmet restricted)
rElec   .          Harm     .    (no cloak)
rCorr   .          Rampage  .    (gloves unavailable)
Will    .....                    (boots unavailable)
Stlth   +                        (no amulet)
HPRegen 1.10/turn                (no ring)
MPRegen 0.09/turn                (no ring)

@: confused, ambrosia-drunk
A: large, unfitting armour, claws 3, regeneration 1, shaggy fur 1, tough skin 1
a: no special abilities


You were on level 5 of the Dungeon.
You visited 1 branch of the dungeon, and saw 5 of its levels.

You collected 151 gold pieces.

Inventory:

Armour
 a - a +0 robe (worn)
Wands
 k - a wand of iceblast (7)
Scrolls
 e - 2 scrolls of teleportation {unknown}
 f - a scroll of blinking {unknown}
 g - 3 scrolls of enchant armour {unknown}
 i - a scroll of poison {unknown}
 j - 4 scrolls of identify {unknown}
 l - a scroll of brand weapon {unknown}
 q - a scroll of noise {unknown}
 r - a scroll of immolation {unknown}
Potions
 b - 2 potions of ambrosia
 c - a potion of might {unknown}
 d - a potion of attraction {unknown}
 h - a potion of heal wounds {unknown}
 m - 2 potions of flight {unknown}
 n - a potion of haste {unknown}
 o - a potion of curing {unknown}
 p - a potion of lignification {unknown}
 s - a potion of invisibility {unknown}


   Skills:
 + Level 3.6 Fighting
 + Level 3.6 Dodging
 - Level 1.0 Stealth
 * Level 5.5 Unarmed Combat


You had 5 spell levels left.
You didn't know any spells.
Your spell library contained the following spells:

 Spells                   Type           Power      Damage    Failure   Level
 Summon Small Mammal      Summ           0%         N/A       45%         1
 Blink                    Tloc           0%         N/A       58%         2
 Cigotuvi's Dreadful Rot  Necr/Pois/Air  0%         N/A       58%         2
 Ensorcelled Hibernation  Hex/Ice        0%         N/A       58%         2
 Momentum Strike          Conj/Tloc      0%         3d8       58%         2
 Call Canine Familiar     Summ           0%         N/A       83%         3
 Lesser Beckoning         Tloc           0%         N/A       83%         3
 Summon Guardian Golem    Hex/Summ       0%         N/A       83%         3
 Animate Dead             Necr           0%         N/A       99%         4
 Borgnjor's Vile Clutch   Necr/Erth      0%         N/A       100%        5
 Simulacrum               Ice/Necr       0%         N/A       100%        6


Dungeon Overview and Level Annotations

Branches:
Dungeon (5/15)
 Temple: D:4-7

Altars:
Cheibriados
Sif Muna
Uskayaw
Wu Jian
Yredelemnul


Innate Abilities, Weirdness & Mutations

You are too large for most types of armour.
You have claws for hands.
Your natural rate of healing is unusually fast.
You are covered in fur. (AC +1)
You have tough skin. (AC +1)


Message History

Beogh smites you!
* * * LOW HITPOINT WARNING * * *
The orc wizard closely misses you.
You scratch the orc wizard but do no damage.
The orc wizard is heavily wounded.
The orc closely misses you.
The orc priest hits you with a +1 dagger of holy wrath.
* * * LOW HITPOINT WARNING * * *
The orc wizard hits you but does no damage.
You closely miss the orc wizard. Your claw misses the orc wizard.
The orc wizard is heavily wounded.
The orc hits you with a +0 mace.
* * * LOW HITPOINT WARNING * * *
The orc priest barely misses you.
The orc wizard hits you but does no damage.
You scratch the orc wizard but do no damage.
The orc wizard is heavily wounded.
The orc hits you but does no damage.
The orc priest hits you with a +1 dagger of holy wrath.
* * * LOW HITPOINT WARNING * * *
The orc wizard hits you but does no damage.
You barely miss the orc wizard.
The orc wizard is heavily wounded.
The orc closely misses you. The orc hits you but does no damage.
The orc priest hits you with a +1 dagger of holy wrath.
* * * LOW HITPOINT WARNING * * *
The orc wizard hits you with a +0 dagger.
* * * LOW HITPOINT WARNING * * *
You scratch the orc wizard but do no damage.
The orc wizard is heavily wounded.
The orc barely misses you. The orc hits you but does no damage.
The orc priest closely misses you. The orc wizard casts a spell at you.
The puff of flame misses you.
The puff of flame hits the orc priest.
Unknown command.
You are confused.
You feel invigorated. The orc hits you with a +0 mace.
* * * LOW HITPOINT WARNING * * *
The orc hits you with a +0 hand axe.
You die...

... #.... ... .. #....
##.##.##.# #.... ....
...# #....#####.###...#
#................# .
...........#....##..
#...oo.)........#
#..o@##.......###
######.#o###.#..>.....
####......#.#
#.#.######.
###....######.# #.#...#
#......######.# #.o.#.#
#.#....##)....###...#...
#.#....# #..........#
#.# ###.######
#..........+ .# ..#.#
#..........### #


You could see an orc priest, an orc wizard and 2 orcs.

Vanquished Creatures
  2 scorpions (D:4)
  A jelly (D:5)
  2 orc priests
  A hound (D:4)
  An iguana (D:4)
  3 adders
  A dart slug (D:3)
  5 orcs (D:4)
  4 ball pythons
  6 endoplasms
  2 giant cockroaches (D:4)
  3 goblins
  4 hobgoblins
  4 jackals (D:5)
  2 quokkas (D:4)
  3 bats
  4 frilled lizards (D:2)
  4 kobolds
  6 rats
58 creatures vanquished.

Vanquished Creatures (others)
  14 fungi (D:4)
14 creatures vanquished.

Grand Total: 72 creatures vanquished

Notes
Turn   | Place    | Note
-------+----------+-------------------------------------------
     0 | D:1      | tsouns the Troll Monk began the quest for the Orb.
     0 | D:1      | Reached XP level 1. HP: 22/22 MP: 0/0
   275 | D:2      | Got Sif Muna's Spellbook of the Chilled Graveyard
   344 | D:2      | Reached XP level 2. HP: 27/29 MP: 1/1
   369 | D:2      | Found a shimmering blue altar of Sif Muna.
  1038 | D:3      | Reached XP level 3. HP: 36/36 MP: 2/2
  1099 | D:3      | Noticed a +0 hand axe
  1100 | D:3      | Noticed a +0 hand axe
  1102 | D:3      | Found a hide-covered altar of Uskayaw.
  1310 | D:4      | Reached skill level 4 in Unarmed Combat
  1368 | D:4      | Reached XP level 4. HP: 27/44 MP: 3/3
  1640 | D:4      | Found a snail-covered altar of Cheibriados.
  1640 | D:4      | Noticed a scorpion
  1648 | D:4      | Killed a scorpion
  1649 | D:4      | Reached XP level 5. HP: 53/53 MP: 4/4
  1731 | D:4      | Found a basalt altar of Yredelemnul.
  1748 | D:4      | Reached skill level 5 in Unarmed Combat
  2004 | D:4      | Found an ornate altar of the Wu Jian Council.
  2079 | D:4      | Reached XP level 6. HP: 44/61 MP: 5/5
  2215 | D:5      | Entered Level 5 of the Dungeon
  2349 | D:5      | HP: 3/61 [orc priest/+1 dagger of holy wrath (2)]
  2350 | D:5      | HP: 1/61 [orc wizard/+0 dagger (1)]
  2352 | D:5      | Slain by an orc

Illustrated notes

Levels and vault maps discovered:
D:1:      dpeg_arrival_orchard, layout_loops_corners, serial_shops, shop,
          minmay_tetromino_o4
D:2:      layout_loops_corners, basic_altar, grunt_decor_one_mirror
D:3:      layout_rooms, dancing_weapons_uskayaw
D:4:      layout_loops_ring, nicolae_wu_jian_immortal_techniques,
          mainiacjoe_overflow_cross_hatched, lemuel_crystal_altar,
          serial_aquarium, aquarium_bridge_long_separate
          [aquarium_subvault_wall, aquarium_subvault_wall,
          aquarium_subvault_bridge, aquarium_subvault_balcony,
          aquarium_subvault_bridge, aquarium_subvault_bridge],
          aquarium_bridge_square [aquarium_subvault_wall,
          aquarium_subvault_window, aquarium_subvault_balcony,
          aquarium_subvault_bridge], aquarium_window_fake,
          aquarium_window_corner, aquarium_window_3, aquarium_view_2f,
          aquarium_view_2c, st_stairs_14
D:5:      layout_basic, uniq_pikel

Skill      XL: |  1  2  3  4  5 |
---------------+----------------+-----
Unarmed Combat | 4 5 |  5.5
Fighting       | 3 |  3.6
Dodging        | 3 |  3.6
Stealth        | |  1.0

Action                   |  1- 3 |  4- 6 || total
-------------------------+-------+-------++-------
Melee: Unarmed           |    76 |    76 ||   152
       Punch             |     1 |     3 ||     4
  Use: Potion            |       |     1 ||     1
 Stab: Sleeping          |     5 |     1 ||     6
Armor: Robe              |    23 |    21 ||    44
Dodge: Dodged            |    33 |    32 ||    65

Table legend: (Time is in decaauts)
 A = Elapsed time spent in this place.
 B = Non-inter-level travel time spent in this place.
 C = Inter-level travel time spent in this place.
 D = Time resting spent in this place.
 E = Time spent auto-exploring this place.
 F = Levels seen in this place.
 G = Mean time per level.
                   A        B        C        D        E       F      G
               +--------+--------+--------+--------+--------+-----+--------+
         Total |   2340 |   2267 |     73 |      0 |   1790 |   5 |  468.0 |
       Dungeon |   2340 |   2267 |     73 |      0 |   1790 |   5 |  468.0 |
               +--------+--------+--------+--------+--------+-----+--------+

Top non-repeatable levels by time:
     D:4: 924 daAuts
     D:2: 820 daAuts
     D:3: 378 daAuts
     D:5: 133 daAuts
     D:1: 83 daAuts
